 Dungeon Crawl Stone Soup version 0.32-a0-391-gce5c0aab1b (webtiles) character file.

Game seed: 13168940143793504648

53 senseless the Slasher (level 3, -1/28 HPs)
             Began as a Coglin Gladiator on Feb 19, 2024.
             Slain by a ribbon worm (8 damage)
             ... on level 2 of the Dungeon.
             The game lasted 00:03:11 (835 turns).

senseless the Slasher (Coglin Gladiator)             Turns: 835, Time: 00:03:12

Health: -1/28      AC:  4    Str: 13 (14) XL:     3   Next: 89%
Magic:  3/3        EV: 12    Int:  6 (7)  God:
Gold:   63         SH:  0    Dex: 16 (17) Spells: 2/2 levels left

rFire   . . .        a - +0 long sword {Isolde}
rCold   . . .        g - +0 dagger {Hisao}
rNeg    + . .        b - +0 leather armour
rPois   .            c - +0 helmet
rElec   .            (no cloak)
rCorr   .            (no gloves)
SInv    .            (no boots)
Will    +....        (no amulet)
Stlth   +            l - ring of positive energy
HPRegen 0.24/turn    (no ring)
MPRegen 0.08/turn

%: no passive effects
@: enlightened, flying, revving
A: off-hand wielding, slow wielding, warmup strikes, warmup strides
a: no special abilities


You were on level 2 of the Dungeon.
You visited 1 branch of the dungeon, and saw 2 of its levels.

You collected 63 gold pieces.

Inventory:

Hand Weapons
 a - a +0 long sword (weapon) {Isolde}
 g - a +0 dagger (worn) {Hisao}
Missiles
 d - 3 throwing nets (quivered)
 e - a javelin
Armour
 b - a +0 leather armour (worn)
 c - a +0 helmet (worn)
Jewellery
 l - a ring of positive energy (left grasper)
Scrolls
 f - 2 scrolls of poison {unknown}
 i - a scroll of identify {unknown}
 k - a scroll of fog {unknown}
 m - a scroll of immolation {unknown}
 n - a scroll of teleportation {unknown}
 o - a scroll of butterflies {unknown}


   Skills:
 * Level 2.8 Fighting
 * Level 3.5 Long Blades
 - Level 1.8 Throwing
 * Level 3.2 Dodging


You had 2 spell levels left.
You didn't know any spells.
Your spell library was empty.

Dungeon Overview and Level Annotations

Branches:
Dungeon (2/15)

Altars:


Innate Abilities, Weirdness & Mutations

You can wield a second weapon in your off-hand.
It takes a long time for you to wield or remove held weapons.
Your first few attacks do less damage.
Your first movements take longer.


Message History

* * * LOW HITPOINT WARNING * * *
The dart slug closely misses you.
A hobgoblin comes into view.
The endoplasm completely misses you.
It was a potion of curing.
You feel better. The ribbon worm closely misses you. The endoplasm freezes you.
You are frozen.
A goblin comes into view. It is wielding a +0 dagger. x2
It was a potion of enlightenment.
You feel very buoyant.
You fly up into the air.
The goblin shouts!
You hear a shout!
The dart slug bites you.
* * * LOW HITPOINT WARNING * * *
The ribbon worm closely misses you. The endoplasm closely misses you.
The goblin shouts!
You hit the ribbon worm but do no damage.
The ribbon worm is lightly wounded.
You hit the ribbon worm with your +0 dagger.
You hear a shout!
The dart slug closely misses you.
A goblin comes into view. It is wielding a +0 dagger.
The endoplasm closely misses you.
A hobgoblin comes into view.
The hobgoblin shouts!
You hit the ribbon worm but do no damage.
The ribbon worm is moderately wounded.
You hit the ribbon worm with your +0 long sword.
The ribbon worm expels a string of sticky webbing.
The stream of webbing misses you. The endoplasm freezes you.
You are frozen.
* * * LOW HITPOINT WARNING * * *
A goblin comes into view. It is wielding a +0 club.
A hobgoblin comes into view.
The dart slug briefly extends its eye-stalks.
The dart slug launches a dart at you. The slug dart misses you.
The endoplasm completely misses you. The ribbon worm bites you!
You die...

#....†.#........
###..#..........
#............. .
#..#.......... §.
#..#.#........
...#..#.#........
.......)?......#
#.#.##.)..####.#
#.#...@##..# #
#....Jw# #.#
###...wg.#.#
#.....g...
##.........#
#?....g....
#.....g....
..........#
..........gg


You could see a ribbon worm, a dart slug, an endoplasm, a hobgoblin and 3
goblins.

Vanquished Creatures
  An adder (D:2)
  3 ball pythons
  A giant cockroach (D:1)
  2 goblins (D:2)
  4 hobgoblins
  5 kobolds
  A quokka (D:1)
  2 bats
  4 frilled lizards
  3 rats (D:1)
26 creatures vanquished.

Notes
Turn   | Place    | Note
-------+----------+-------------------------------------------
     0 | D:1      | senseless the Coglin Gladiator began the quest for the Orb.
     0 | D:1      | Reached XP level 1. HP: 16/16 MP: 1/1
   114 | D:1      | Reached XP level 2. HP: 22/22 MP: 2/2
   474 | D:1      | Reached XP level 3. HP: 26/28 MP: 3/3
   835 | D:2      | Slain by a ribbon worm

Illustrated notes

Levels and vault maps discovered:
D:1:      dpeg_arrival_lava_temple_mockup, layout_basic
D:2:      layout_basic, ebering_ecumenical_altar_mist,
          kennysheep_generic_room_4, uniq_robin

Skill      XL: |  1  2 |
---------------+-------+-----
Dodging        | 3 |  3.2
Fighting       | |  2.8
Long Blades    | |  3.5
Throwing       | |  1.8

Action                     || total
---------------------------++-------
  Melee: Long sword        ||    62
         Dagger            ||    47
    Use: Potion            ||     3
 Armour: Leather armour    ||    36
  Dodge: Dodged            ||    48

Table legend: (Time is in decaauts)
 A = Elapsed time spent in this place.
 B = Non-inter-level travel time spent in this place.
 C = Inter-level travel time spent in this place.
 D = Time resting spent in this place.
 E = Time spent auto-exploring this place.
 F = Levels seen in this place.
 G = Mean time per level.
                   A        B        C        D        E       F      G
               +--------+--------+--------+--------+--------+-----+--------+
         Total |    867 |    840 |     27 |      0 |    656 |   2 |  433.5 |
       Dungeon |    867 |    840 |     27 |      0 |    656 |   2 |  433.5 |
               +--------+--------+--------+--------+--------+-----+--------+

Top non-repeatable levels by time:
     D:1: 733 daAuts
     D:2: 133 daAuts
